[Event "*** Titled Tuesday Blitz"]
[Site "Chess.com"]
[Date "2020.12.29"]
[Round "8"]
[White "Ze-Pequeno"]
[Black "Yoda1992"]
[Result "0-1"]
[WhiteElo "2341"]
[BlackElo "2503"]
[TimeControl "180+1"]
[EndTime "11:28:46 PST"]
[Termination "Yoda1992 won on time"]

1. e4 c5 2. Nf3 d6 3. d4 cxd4 4. Nxd4 Nf6 5. Nc3 g6 6. Be3 Bg7 7. f3 O-O 8. Qd2 Nc6 9. O-O-O d5 10. exd5 Nxd5 11. Nxc6 bxc6 12. Bd4 e5 13. Bc5 Be6 14.
Ne4 Re8 15. h4 Nf6 16. Qxd8 Raxd8 17. Rxd8 Rxd8 18. Be7 Nxe4 19. Bxd8 Bh6+ 20. Bg5 Nxg5 21. hxg5 Bxg5+ 22. Kb1 Bd5 23. c4 Be6 24. Kc2 Be3 25.
Bd3 Kg7 26. b4 h5 27. a4 Kf6 28. a5 Kg5 29. b5 cxb5 30. cxb5 Kf4 31. Re1 Bd4 32. Re2 Kg3 33. b6 axb6 34. a6 b5 35. Bxb5 Bd5 36. Bd3 f5 37. Bb5 g5 38. Rd2 h4 39. Bf1 g4 40. fxg4 fxg4 41. a7 Be4+ 42.
Bd3 Bb7 43. Ba6 Be4+ 44. Bd3 Bc6 45. Bb5 Ba8 46. Rxd4 exd4 47. Kd3 Kxg2 48. Kxd4 Kg1 49. Bc4 h3 50. Bd5 Bxd5 51. Kxd5 h2 52. Kc6 h1=Q+ 0-1

[Event "*** Titled Tuesday Blitz"]
[Site "Chess.com"]
[Date "2020.12.29"]
[Round "8"]
[White "pastouche06"]
[Black "Flopezin"]
[Result "0-1"]
[WhiteElo "2503"]
[BlackElo "2376"]
[TimeControl "180+1"]
[EndTime "11:28:46 PST"]
[Termination "Flopezin won on time"]

1. d4 Nf6 2. c4 e6 3. Nc3 Bb4 4. e3 c5 5. Ne2 cxd4 6. exd4 d5 7. a3 Be7 8. c5 b6 9. b4 bxc5 10. dxc5 a5 11. Bb2 Bd7 12. Na4 Na6 13. Nb6 Ra7 14. Nd4 Nc7 15. c6 Bc8 16. Nxc8 Qxc8 17. b5 Bc5 18.
Nb3 Bb6 19. Bd4 Qb8 20. a4 Ne4 21. Bxb6 Qxb6 22. Qd4 Qxd4 23. Nxd4 Na8 24. b6 Nxb6 25. Rb1 Nc8 26. Rb8 Rc7 27. f3 Nc5 28. Nb5 Rxc6 29. Na7 Rc7 30. Rxc8+ Rxc8 31. Nxc8 Kd7 32. Nb6+ Kc6 33.
Bb5+ Kxb6 34. Ke2 Nb3 35. Kd3 Rc8 36. Rb1 Nc5+ 37. Kd4 Rc7 38. Be2+ Ka7 39. Rb5 Nb7 40. Bd3 Nd6 41. Rxa5+ Kb7 42. Rc5 Rd7 43. a5 Ne8 44. a6+ Ka7 45. Rc6 Rc7 46. Kc5 Rd7 47. Bb5 Nc7 48. Bd3 Na8 49. f4 f6 0-1

[Event "*** Titled Tuesday Blitz"]
[Site "Chess.com"]
[Date "2020.12.29"]
[Round "8"]
[White "SergeyShtyka"]
[Black "Keures"]
[Result "1/2-1/2"]
[WhiteElo "2451"]
[BlackElo "2336"]
[TimeControl "180+1"]
[EndTime "11:28:48 PST"]
[Termination "Game drawn by repetition"]

1. e4 e6 2. Nf3 d5 3. e5 c5 4. b4 d4 5. bxc5 Bxc5 6. Bd3 Nc6 7. O-O b6 8. Ba3 Qe7 9. Bxc5 Qxc5 10. Qe2 Nge7 11. c3 Bb7 12. a4 g6 13. Na3 O-O 14. Nb5 dxc3 15. Nxc3 Nd5 16. Ne4 Nf4 17. Nxc5 Nxe2+ 18. Bxe2 bxc5 19. Rfc1 Nd4 20. Nxd4 cxd4 21. Rab1 Rab8 22.
Rb4 Bd5 23. Rxd4 Rb2 24. f4 Rfb8 25. Kf2 Ra2 26. Bf3 Bxf3 27. Kxf3 Rbb2 28. Ke3 Ra3+ 29. Ke2 Rba2 30. Rcc4 Kg7 31. g4 h6 32. h4 Rh3 33.
f5 gxf5 34. gxf5 exf5 35. Rc7 Kg6 36. Rxa7 Rh2+ 37. Ke3 Rh3+ 38. Ke2 Rh2+ 39. Ke3 Rh3+ 40. Kf2 Rh2+ 41. Kg3 Rhxd2 42. Ra6+ Kg7 43. Rxd2 Rxd2 44. Kf4 Rf2+ 45. Ke3 Rh2 46. Rf6 Rxh4 47. Rxf5 Rxa4 48. Rf1 Kg6 49. Rf6+ Kg7 50. Rc6 Kh7 51. e6 fxe6 52.
Rxe6 Kg7 53. Kf3 Kh7 54. Rb6 Kg7 55. Kg3 Kh7 56. Kh3 Kg7 57. Kg3 Kh7 58. Kh3 Kg7 59. Kg3 1/2-1/2

[Event "*** Titled Tuesday Blitz"]
[Site "Chess.com"]
[Date "2020.12.29"]
[Round "8"]
[White "Mikhail_Golubev"]
[Black "1977Ivan"]
[Result "1-0"]
[WhiteElo "2515"]
[BlackElo "2681"]
[TimeControl "180+1"]
[EndTime "11:28:50 PST"]
[Termination "Mikhail_Golubev won by resignation"]

1. e4 c5 2. Nf3 e6 3. d4 cxd4 4. Nxd4 Nc6 5. Nc3 Qc7 6. Be3 a6 7. a3 b5 8. Nxc6 Qxc6 9. Bd3 Bb7 10. O-O h5 11. Qe2 Nf6 12. f3 Bd6 13. Bd4 e5 14.
Be3 h4 15. Nd5 Bc5 16. Nxf6+ gxf6 17. Bxc5 Qxc5+ 18. Qf2 Rc8 19. Qxc5 Rxc5 20. a4 b4 21.
a5 Bc6 22. Bxa6 Rxc2 23. Rfc1 Rxc1+ 24. Rxc1 Ke7 25. Bc4 Ra8 26. Ra1 Ra7 27. Kf2 f5 28. exf5 Kf6 29. Ke3 d5 30. Bd3 d4+ 31. Kd2 Bd7 32. g4 hxg3 33. hxg3 Bxf5 34. Bxf5 Kxf5 35. Kd3 b3 36. a6 Kg5 37. Kc4 f5 38. f4+ exf4 39.
gxf4+ Kxf4 40. Kxd4 Kg3 41. Kc4 f4 42. Kxb3 f3 43. Kb4 f2 44. Kb5 Kg2 45. b4 f1=Q+ 46. Rxf1 Kxf1 47. Kb6 Ra8 48. b5 Ke2 49. Kb7 Rg8 50.
b6 Kd3 51. a7 Rg7+ 52. Ka6 Rg8 53. b7 Rg6+ 54. Kb5 Rg5+ 55. Kb4 Rg4+ 56. Kb3 Rg1 57. b8=Q 1-0

[Event "*** Titled Tuesday Blitz"]
[Site "Chess.com"]
[Date "2020.12.29"]
[Round "8"]
[White "Jospem"]
[Black "bocah_sakit"]
[Result "1-0"]
[WhiteElo "2987"]
[BlackElo "2826"]
[TimeControl "180+1"]
[EndTime "11:28:51 PST"]
[Termination "Jospem won by resignation"]

1. e4 c5 2. Nf3 Nc6 3. Bb5 g6 4.
Nc3 Bg7 5. O-O e5 6. a3 Nge7 7. b4 d6 8. Bc4 O-O 9. d3 h6 10. h3 Kh7 11. bxc5 dxc5 12. a4 b6 13. Re1 Bb7 14. Bd2 Qd7 15. Qb1 Rad8 16. Nd5 Nc8 17. Ne3 Nd4 18. Qd1 f5 19. Nd5 Nxf3+ 20. gxf3 fxe4 21.
fxe4 Qxh3 22. Re3 Qh4 23. Rg3 Rxf2 24. Kxf2 Qh2+ 25. Rg2 Rf8+ 26. Qf3 Qh4+ 27. Rg3 Rxf3+ 28. Kxf3 Nd6 29. Ba2 c4 30. Bxc4 Nxc4 31. dxc4 Qh5+ 32. Kf2 Qh2+ 33. Rg2 Qh4+ 34. Kf3 Bc6 35. Rag1 g5 36. a5 Be8 37. Ke3 Bg6 38. Rg4 Qh3+ 39. R4g3 Qc8 40.
axb6 axb6 41. Kd3 Bxe4+ 42. Kxe4 Qxc4+ 43. Ke3 Qxd5 44. Rg4 Bf8 45. Ke2 Bc5 46. Rf1 Kg6 47. c4 Qa8 48. Rg3 Bd4 49. Rgf3 Qe4+ 50. Kd1 Qb1+ 51.
Ke2 e4 52. Rxb1 exf3+ 53. Kxf3 Kf5 54. Rf1 1-0

[Event "*** Titled Tuesday Blitz"]
[Site "Chess.com"]
[Date "2020.12.29"]
[Round "8"]
[White "stephan97"]
[Black "Snowflake"]
[Result "1-0"]
[WhiteElo "2256"]
[BlackElo "2415"]
[TimeControl "180+1"]
[EndTime "11:28:52 PST"]
[Termination "stephan97 won by checkmate"]

1. d4 e5 2. dxe5 Bc5 3. Nf3 d6 4. exd6 Ne7 5. e3 Bxd6 6. Bd3 O-O 7. O-O h6 8. b3 Bg4 9. Bb2 Nbc6 10. Nbd2 Kh8 11.
h3 Bh5 12. Be2 Bg6 13. c4 f5 14. Nd4 Nxd4 15. Bxd4 f4 16. exf4 Bxf4 17. Nf3 Nf5 18.
Bc3 Qe7 19. Bd3 Rad8 20. Re1 Qf7 21. Qe2 Ng3 22. fxg3 Bxd3 23. Qf2 Bd6 24. Rad1 Bh7 25. c5 Be7 26. Rxd8 Rxd8 27. Qe3 Bf8 28. Kh2 b6 29. b4 Rd3 30. Qe5 Qxa2 31. Nh4 Qg8 32. Bb2 Rd2 33.
Bc3 Rd5 34. Qf4 Rd3 35. Be5 Be7 36. Qxh6 Bxh4 37. Qxh4 Rd7 38. Qf4 Rf7 39. Qd4 a5 40.
cxb6 cxb6 41. Qxb6 axb4 42. Qxb4 Qc8 43. Qd4 Kg8 44. h4 Bf5 45. h5 Kh7 46. Qh4 Qc2 47.
Bf4 Be4 48. Rg1 Rb7 49. h6 g6 50. Qf6 Qe2 51. Qg5 Bc6 52. Be5 Be4 53. g4 Qd3 54.
Qf6 Rb8 55. Qg7# 1-0

[Event "*** Titled Tuesday Blitz"]
[Site "Chess.com"]
[Date "2020.12.29"]
[Round "8"]
[White "exoticprincess"]
[Black "vugarrasulov"]
[Result "1-0"]
[WhiteElo "2907"]
[BlackElo "2795"]
[TimeControl "180+1"]
[EndTime "11:28:54 PST"]
[Termination "exoticprincess won on time"]

1. d4 Nf6 2. Nc3 d5 3. Bf4 c5 4. e3 cxd4 5. exd4 a6 6. Bd3 Bg4 7. Nge2 Nc6 8. f3 Bh5 9. h4 Bg6 10. g4 e6 11. h5 Bxd3 12. Qxd3 h6 13. O-O-O Rc8 14. Kb1 Qa5 15. Nc1 Bb4 16. Nb3 Qd8 17.
Ne2 Bd6 18. Qe3 Qc7 19. c3 Nd7 20. Rhe1 Nb6 21. Nd2 Na5 22. Bxd6 Qxd6 23. b3 Qa3 24. Rc1 Rc6 25. Rc2 Qe7 26. Nc1 O-O 27. Nd3 Rfc8 28. Ne5 R6c7 29. f4 Nc6 30. Nd3 Na7 31. Nc5 Nb5 32.
Kb2 Nd7 33. a4 b6 34. axb5 bxc5 35. bxa6 Qd6 36. Ra1 Ra8 37. g5 Rxa6 38. gxh6 Rxa1 39. Kxa1 Ra7+ 40. Ra2 Rxa2+ 41. Kxa2 cxd4 42. Qxd4 gxh6 43. Kb2 Qe7 44. b4 Qh4 45. b5 Qxh5 46. Qa7 Qe2 47. Qxd7 Qxd2+ 48. Kb3 Qxf4 49. Qc8+ Kg7 50. b6 Qf1 51.
Qc5 h5 52. Kb4 h4 53. Qd4+ f6 54. Qxh4 Qa6 55. Qg3+ Kf7 56. Qc7+ Kg6 57. b7 Qa2 58. b8=Q Qb2+ 59. Ka5 Qa3+ 60. Kb6 Qb3+ 61. Ka7 Qa4+ 62. Kb7 Qb5+ 63. Qb6 Qd7+ 64. Q8c7 Qe8 65. Qg1+ Kf5 66. Qf2+ Kg6 67. Qfg3+ Kf5 68. Qh7+ 1-0

[Event "*** Titled Tuesday Blitz"]
[Site "Chess.com"]
[Date "2020.12.29"]
[Round "8"]
[White "area_5"]
[Black "Chess_Boxer123"]
[Result "1-0"]
[WhiteElo "2777"]
[BlackElo "2574"]
[TimeControl "180+1"]
[EndTime "11:28:54 PST"]
[Termination "area_5 won on time"]

1. c4 c6 2. Nc3 Nf6 3. d4 d5 4.
cxd5 cxd5 5. Nf3 Nc6 6. Bf4 a6 7.
e3 Bf5 8. Be2 e6 9. Nh4 Be4 10.
O-O Bd6 11. Bxd6 Qxd6 12. Nf3 O-O 13. Nxe4 dxe4 14. Nd2 Rfd8 15. Nc4 Qb4 16. a3 Qe7 17. Qb3 b5 18. Ne5 Nxe5 19. dxe5 Nd7 20. a4 Nc5 21. Qb4 bxa4 22. Rfc1 Rac8 23. Bxa6 Rc7 24. Bf1 Nb3 25. Qxe7 Rxe7 26. Rd1 Rxd1 27. Rxd1 g6 28. Bb5 Rb7 29. Bxa4 Nc5 30. b3 Nd3 31. f3 Nxe5 32. fxe4 Ng4 33.
Rd3 Rb4 34. h3 Ne5 35. Rd4 Rb6 36. b4 Ra6 37. b5 Rb6 38. Kf2 Kg7 39. Ke2 Kf6 40. Kd2 Ke7 41. Kc3 Nd7 42. Kb4 Rb8 43.
Rd1 Nb6 44. Bb3 Ra8 45. Kc5 Nd7+ 46. Kc6 Rc8+ 47. Kb7 Rc3 48. Ba2 Rxe3 49. b6 Ra3 50. Rd2 Ra4 51. Rb2 Ra5 52. Bb1 Rc5 53. Ka6 Nb8+ 54. Ka7 Nd7 55. Bd3 Ra5+ 56. Kb7 Nc5+ 57. Kc6 Nxd3 58. b7 Rc5+ 59. Kb6 Nxb2 60. Kxc5 Na4+ 61. Kc6 1-0

[Event "*** Titled Tuesday Blitz"]
[Site "Chess.com"]
[Date "2020.12.29"]
[Round "8"]
[White "Chesswizard_2007"]
[Black "Sueetin"]
[Result "1-0"]
[WhiteElo "2660"]
[BlackElo "2489"]
[TimeControl "180+1"]
[EndTime "11:28:55 PST"]
[Termination "Chesswizard_2007 won by resignation"]

1. d4 Nf6 2. c4 e6 3. Nc3 Bb4 4. Nf3 b6 5. Qc2 Bb7 6. a3 Bxc3+ 7. Qxc3 d6 8. g3 Nbd7 9. Bg2 O-O 10. O-O Be4 11.
b4 a5 12. Bb2 Qc8 13. Rac1 axb4 14. axb4 Qb7 15. Rfd1 b5 16. cxb5 Nd5 17. Qc6 Qxc6 18. bxc6 N7b6 19. b5 Ra2 20. Rd2 Ra5 21. Ne1 Bxg2 22.
Kxg2 Rfa8 23. e4 Nf6 24. f3 Rxb5 25. Bc3 d5 26. e5 Ne8 27. Nd3 h5 28. Nc5 g6 29.
Rcc2 Nc4 30. Ra2 Rab8 31. Re2 Rb3 32. Nxb3 Rxb3 33. Ra8 Rxc3 34. Rxe8+ Kg7 35. Rc8 Ne3+ 36. Kf2 Nf5 37. Rxc7 Nxd4 38. Rb2 Rxc6 39. Rxc6 Nxc6 40. f4 Nd4 41. h3 Nf5 42. Rb7 Nd4 43. g4 hxg4 44.
hxg4 Kg8 45. Ke3 Nc6 46. Rc7 Na5 47. f5 gxf5 48. gxf5 exf5 49. Kf4 Nc4 50. Kxf5 Ne3+ 51. Kf4 Ng2+ 52. Kg5 Ne3 53. Rd7 Kf8 54. Ra7 d4 55. Rd7 Nc2 56. Kf6 Ke8 57. Re7+ Kd8 58. Kxf7 d3 59.
e6 d2 60. Rd7+ Kc8 61. Rxd2 1-0

[Event "*** Titled Tuesday Blitz"]
[Site "Chess.com"]
[Date "2020.12.29"]
[Round "8"]
[White "Lion-Al-Messi"]
[Black "goldenpuppy"]
[Result "0-1"]
[WhiteElo "2533"]
[BlackElo "2394"]
[TimeControl "180+1"]
[EndTime "11:28:55 PST"]
[Termination "goldenpuppy won by resignation"]

1. e4 c6 2. Nf3 d5 3. Nc3 dxe4 4. Nxe4 Nf6 5. Nxf6+ exf6 6. Bc4 Bd6 7. Qe2+ Qe7 8. Qxe7+ Bxe7 9. O-O O-O 10. Re1 Bd6 11. d4 Bg4 12. h3 Bxf3 13. gxf3 Nd7 14. Bd3 Nb6 15. c4 Rfe8 16. Be3 Bc7 17. b4 Rad8 18.
a4 g6 19. a5 Nc8 20. a6 b6 21. Be4 Ne7 22. b5 cxb5 23. cxb5 f5 24. Rac1 Bb8 25. Bc6 Nxc6 26. bxc6 f4 27. c7 Bxc7 28. Rxc7 fxe3 29. fxe3 Ra8 30. Kf2 Rec8 31. Rec1 Rxc7 32. Rxc7 b5 33. Rb7 Rc8 34. Rxa7 Rc6 35. d5 Rd6 36. e4 b4 37.
Ra8+ Kg7 38. a7 Ra6 39. d6 b3 40. d7 b2 41. d8=Q b1=Q 42. Qf8+ Kf6 43. e5+ Kg5 44. Qxf7 Ra2+ 45. Qxa2 Qxa2+ 46. Kg3 Qa1 47. h4+ Kh5 48. e6 Qe5+ 49. Kg2 Qxe6 50. Rh8 Qa2+ 51. Kg3 Qxa7 52. Kh3 Qd7+ 53. Kg3 Qg7 54. Re8 Qc7+ 55. Kg2 Kxh4 56.
Re4+ Kh5 57. Re2 g5 58. Re4 Qc2+ 59. Kg3 Qd1 60. Kg2 Kg6 61. Re6+ Kf5 62. Re8 g4 63. Rf8+ Ke5 64. Re8+ Kf6 65. Rf8+ Ke7 66. Rg8 Qxf3+ 67. Kg1 Qg3+ 68. Kh1 Qf3+ 69. Kg1 Qe3+ 70. Kh1 Qe4+ 71.
Kh2 Qe5+ 72. Kg1 Qa1+ 73. Kh2 Qa2+ 74. Kg3 Qxg8 75. Kh4 g3 0-1

[Event "*** Titled Tuesday Blitz"]
[Site "Chess.com"]
[Date "2020.12.29"]
[Round "8"]
[White "Trickov"]
[Black "peixe64"]
[Result "0-1"]
[WhiteElo "2325"]
[BlackElo "2452"]
[TimeControl "180+1"]
[EndTime "11:28:55 PST"]
[Termination "peixe64 won on time"]

1. d4 Nf6 2. Nf3 d5 3. c4 e6 4. g3 dxc4 5. Qa4+ Bd7 6. Qxc4 Bc6 7. Bg2 Nbd7 8. Nc3 a6 9. O-O Bd6 10. a4 O-O 11. Qd3 e5 12. d5 Nc5 13. Qd1 Bd7 14.
Qc2 a5 15. e4 h6 16. h3 Qe7 17. Be3 Rfc8 18. Nd2 c6 19. Nc4 cxd5 20. Nxd6 Qxd6 21. exd5 Na6 22. Rfd1 Nb4 23. Qb3 Bf5 24. Nb5 Qd7 25.
Rdc1 Bxh3 26. Rxc8+ Rxc8 27. Bb6 Bxg2 28. Kxg2 Qxd5+ 29.
Qxd5 Nfxd5 30. Bxa5 Rc2 31. b3 Nd3 32. Rd1 e4 33.
Kg1 Nf6 34. Nd4 Rb2 35. Rd2 Rb1+ 36. Kg2 Ne1+ 37. Kh3 Nf3 38. Nxf3 exf3 39. g4 Rxb3 40. Bd8 Ne4 41. Rc2 Ra3 42. a5 Kh7 43. Bb6 Ra1 44.
Kh2 Rf1 45. Rc7 Nxf2 46. Rxf7 Ne4 47. Bd4 Kg8 48. Rxg7+ Kf8 49. Rxb7 f2 0-1

[Event "*** Titled Tuesday Blitz"]
[Site "Chess.com"]
[Date "2020.12.29"]
[Round "8"]
[White "beto-betun"]
[Black "Walter_White_Poland"]
[Result "0-1"]
[WhiteElo "2189"]
[BlackElo "2324"]
[TimeControl "180+1"]
[EndTime "11:28:55 PST"]
[Termination "Walter_White_Poland won by resignation"]

1. d4 Nf6 2. Nf3 c5 3. g3 cxd4 4. Nxd4 e5 5. Nb3 d5 6. c4 d4 7. Bg2 Nc6 8. O-O Be7 9. Bg5 O-O 10. N1d2 Bf5 11. a3 Rc8 12. Rc1 Qd7 13. Bxf6 Bxf6 14.
Nc5 Qe7 15. b4 b6 16. Nce4 g6 17. Nxf6+ Qxf6 18. Ne4 Qe7 19. c5 Bxe4 20. Bxe4 b5 21. Qb3 a6 22. h4 Kg7 23. Qf3 Qd7 24. g4 Rfd8 25. Rcd1 Ne7 26. Kh2 f5 27. gxf5 gxf5 28. Rg1+ Kh8 29. Bb1 Qe6 30. Rg5 e4 31. Qf4 Rg8 32.
Rdg1 Rxg5 33. Rxg5 Rg8 34. Qd6 Qxd6+ 35. cxd6 Rxg5 36.
hxg5 Nc6 37. f3 d3 38. exd3 e3 39. Kg3 f4+ 40. Kg2 Kg7 41. Kf1 Kf7 42. d7 Ke7 43. d4 Nxd4 44. Bxh7 Nxf3 45. g6 Nh2+ 46. Ke2 Ng4 47. g7 Nf6 48. Bg6 Kxd7 49. Bf7 Kd6 50. g8=Q Nxg8 51. Bxg8 Ke5 52. Kf3 Kd4 53.
Be6 Kc3 54. Bc8 Kd2 55. Bxa6 e2 56. Bxb5 e1=Q 57. Kxf4 Qe3+ 58. Kg4 Qxa3 59. Bd7 Qxb4+ 60. Kf5 Ke3 61. Ke6 Qc5 62. Kf7 Kd4 63. Ke8 Ke5 64. Kd8 Qb6+ 65. Kc8 Kd6 0-1

[Event "*** Titled Tuesday Blitz"]
[Site "Chess.com"]
[Date "2020.12.29"]
[Round "8"]
[White "JoAttack"]
[Black "Ariadna_Atreides"]
[Result "1/2-1/2"]
[WhiteElo "2188"]
[BlackElo "2076"]
[TimeControl "180+1"]
[EndTime "11:28:55 PST"]
[Termination "Game drawn by repetition"]

1. d4 Nf6 2. c4 e6 3. Nc3 Bb4 4. Qc2 O-O 5. a3 Bxc3+ 6. Qxc3 b6 7. Nf3 Bb7 8. Bg5 h6 9. Bh4 d6 10. e3 Nbd7 11. Be2 Qe8 12. O-O g5 13. Bg3 Ne4 14. Qc2 f5 15. b4 Ndf6 16. c5 Rc8 17. Rac1 Nxg3 18. hxg3 Be4 19. Qb3 Bd5 20. Qc2 Be4 21. Qa2 Bd5 22. Qb2 Qh5 23. Ne5 Qe8 24. Nc4 Ne4 25.
Bf3 Qe7 26. Nd2 Nxd2 27. Qxd2 Bxf3 28. gxf3 g4 29. Qe2 Qg5 30. Kg2 h5 31. Rh1 Kg7 32. Rh4 d5 33. Rch1 Rh8 34. e4 fxe4 35. fxg4 Rcf8 36.
gxh5 Rf3 37. h6+ Kh7 38. Rh5 Qg4 39. Qd2 Rhf8 40. R5h4 Rxf2+ 41. Qxf2 Rxf2+ 42. Kxf2 Qf3+ 43. Ke1 Qxg3+ 44. Ke2 Qf3+ 45. Kd2 Qf2+ 46. Kc3 e3 47.
R1h2 Qe1+ 48. Kd3 e2 49. Ke3 Qg1+ 50. Kxe2 Qc1 51. R2h3 Qc2+ 52. Kf3 Qc3+ 53. Kg2 Qc2+ 54. Kg1 Qd1+ 55. Kf2 Qd2+ 56. Kf1 Qd1+ 57. Kf2 Qd2+ 58. Kf1 Qd1+ 59. Kf2 1/2-1/2

[Event "*** Titled Tuesday Blitz"]
[Site "Chess.com"]
[Date "2020.12.29"]
[Round "8"]
[White "JiiHart"]
[Black "HouseOfDurin"]
[Result "1-0"]
[WhiteElo "2069"]
[BlackElo "2088"]
[TimeControl "180+1"]
[EndTime "11:28:56 PST"]
[Termination "JiiHart won by checkmate"]

1. e4 c5 2. Nf3 Nc6 3. d4 cxd4 4. Nxd4 e5 5. Nf5 d6 6. Ne3 Nf6 7. Nc3 Be7 8. Ned5 Nxd5 9. Nxd5 Be6 10. c3 O-O 11.
Bd3 Bg5 12. Qh5 Bxc1 13. Rxc1 g6 14. Qh6 Bxd5 15. exd5 Ne7 16. h4 Qd7 17. h5 Nf5 18.
Bxf5 Qxf5 19. hxg6 Qxg6 20. Rd1 Rac8 21. Qe3 Rc4 22. f3 f5 23. Qxa7 Kh8 24. Qf2 Rg8 25. Rd2 e4 26. Kd1 f4 27. fxe4 Qxe4 28. Kc1 Re8 29. Rhd1 Ra4 30. a3 Ra6 31. Qh4 Qg6 32. Rd4 Rf8 33. Rxf4 Rxf4 34. Qxf4 Rb6 35. Qf8+ Qg8 36.
Qxg8+ Kxg8 37. Kc2 Kf7 38. Re1 Rb5 39. Re6 Rxd5 40.
Rh6 Rg5 41. Rxh7+ Kg6 42. Rxb7 Rxg2+ 43. Kd3 Rg5 44. Kd4 Rg4+ 45. Kd5 Kf6 46. Kxd6 Rg2 47. c4 Rd2+ 48. Kc6 Ke5 49. c5 Rc2 50. Re7+ Kd4 51. Rd7+ Ke5 52. b4 Ra2 53. b5 Rxa3 54. b6 Rb3 55. b7 Ke6 56. Rd6+ Ke7 57. Kc7 Rc3 58. c6 Rc5 59. b8=Q Rxc6+ 60. Rxc6 Kf7 61. Qd8 Kg7 62. Qd7+ Kf8 63. Rb6 Kg8 64. Rb8# 1-0

[Event "*** Titled Tuesday Blitz"]
[Site "Chess.com"]
[Date "2020.12.29"]
[Round "8"]
[White "Msb2"]
[Black "igorkovalenko"]
[Result "1-0"]
[WhiteElo "2801"]
[BlackElo "2896"]
[TimeControl "180+1"]
[EndTime "11:28:58 PST"]
[Termination "Msb2 won by resignation"]

1. d4 Nf6 2. c4 e6 3. Nc3 Bb4 4. e3 O-O 5. Bd2 Re8 6. Nf3 a5 7.
Rc1 b6 8. Bd3 Bb7 9. O-O d6 10.
a3 Bxc3 11. Bxc3 Ne4 12. Be1 a4 13. Kh1 f5 14. Ng1 Qg5 15. f3 Nf6 16. Qe2 Nbd7 17. Nh3 Qh6 18. Bd2 Qh4 19. Qf2 Qxf2 20. Nxf2 g6 21.
e4 c5 22. d5 Ne5 23. Be2 exd5 24. exd5 Ba6 25. Rfe1 Ra7 26. Bf1 Rae7 27. Re3 f4 28. Rec3 g5 29. b3 axb3 30. Rxb3 Rb7 31. a4 Kf7 32. Kg1 h6 33. h3 Ra8 34. Bc3 Re8 35. Bxe5 Rxe5 36. Rcb1 Nd7 37. Ng4 Re8 38. Nxh6+ Kg6 39.
Ng4 Reb8 40. Bd3+ Kf7 41. R3b2 Nf6 42. Nh6+ Ke7 43. Re1+ Kd8 44. Re6 Nxd5 45. Rxd6+ Rd7 46. Rxd7+ Kxd7 47. Bf5+ Kd6 48. cxd5 Kxd5 49. Be4+ Kd4 50. Nf5+ Kc3 51. Rb1 c4 52. Nd6 Kd2 53. a5 c3 54. Rxb6 Rxb6 55. axb6 Bd3 56. Bxd3 Kxd3 57. b7 c2 58. b8=Q c1=Q+ 59. Kh2 Ke2 60. Qb5+ Ke1 61. Qe5+ Kf1 62. Qb5+ Ke1 63. Ne4 Qc2 64. Qb4+ Kf1 65. Qc4+ Qxc4 66. Nd2+ 1-0

[Event "*** Titled Tuesday Blitz"]
[Site "Chess.com"]
[Date "2020.12.29"]
[Round "8"]
[White "XDPS"]
[Black "Brave_spirit12"]
[Result "0-1"]
[WhiteElo "2711"]
[BlackElo "2554"]
[TimeControl "180+1"]
[EndTime "11:28:58 PST"]
[Termination "Brave_spirit12 won on time"]

1. d4 Nf6 2. c4 e6 3. Nc3 d5 4.
cxd5 exd5 5. Bg5 Be7 6. e3 O-O 7. Bd3 c6 8. Nge2 Re8 9. Qc2 h6 10. Bh4 Ne4 11. Bxe7 Qxe7 12. O-O Bf5 13. Rae1 Nd7 14.
Nd1 Bh7 15. f3 Nef6 16. Bxh7+ Nxh7 17. Ng3 Qf6 18. Qd2 Re7 19. e4 Rae8 20. e5 Qg6 21. f4 f5 22. Ne3 Rf8 23. Qc2 Ref7 24. Kh1 h5 25. Qd1 h4 26. Ne2 Qh6 27. Ng1 Re7 28. Qc2 g6 29. b4 a6 30. a4 Rfe8 31. b5 Re6 32. bxc6 bxc6 33. Rb1 Nhf8 34. Rb7 R8e7 35. Qe2 Kg7 36. Qxa6 c5 37. Qd3 c4 38. Qb1 Qh5 39.
Nxd5 Re8 40. Nf6 Rxf6 41. exf6+ Kxf6 42. Nf3 h3 43. g3 Re3 44. Qd1 Rd3 45. Qe2 Kg7 46.
a5 Kg8 47. a6 Ra3 48. a7 c3 49.
Qc4+ Kh8 50. Qf7 c2 51. Ng5 c1=Q 52. Rxc1 Qe2 0-1

[Event "*** Titled Tuesday Blitz"]
[Site "Chess.com"]
[Date "2020.12.29"]
[Round "8"]
[White "Homino"]
[Black "ambaixador"]
[Result "0-1"]
[WhiteElo "2292"]
[BlackElo "2422"]
[TimeControl "180+1"]
[EndTime "11:28:59 PST"]
[Termination "ambaixador won on time"]

1. e4 c5 2. Nf3 d6 3. d4 cxd4 4. Nxd4 Nf6 5. Nc3 a6 6. Be2 e5 7. Nb3 Be7 8. O-O O-O 9. Kh1 Be6 10. f4 exf4 11. Bxf4 Nc6 12. a4 Ne5 13. Nd4 Qc7 14. Bg5 Rfe8 15. Nf5 Bxf5 16. Rxf5 Qc6 17. Bxf6 Bxf6 18.
Rxf6 gxf6 19. Nd5 Re6 20. Qd2 Kg7 21. Rf1 Rae8 22. Bd3 Qc5 23. Ne3 Kh8 24. Nf5 Rg8 25. Qh6 Ng4 26. Qf4 Qe5 27. h3 Qxf4 28. Rxf4 Ne5 29. Nd4 Kg7 30. Nxe6+ fxe6 31. Rf2 Kf7 32. g4 Ke7 33. Kg2 h5 34. Kf1 hxg4 35. hxg4 Nxg4 36. Re2 Ne5 37. Rh2 Rg7 38. Rh8 Kd7 39. Rf8 Rf7 40.
Rg8 Kc7 41. Re8 Kd7 42. Rg8 f5 43. exf5 Nxd3 44. cxd3 Rxf5+ 45. Ke2 Rf4 46. Rg7+ Kc6 47. Ke3 Rxa4 48. Re7 e5 49. Kd2 Rb4 50. Kc3 a5 51. Re8 Rd4 52. Rc8+ Kb5 53. Re8 b6 54. Rb8 a4 55. Ra8 Rb4 56. Rd8 Rb3+ 57. Kc2 Kc5 58. Rc8+ Kd4 0-1

[Event "*** Titled Tuesday Blitz"]
[Site "Chess.com"]
[Date "2020.12.29"]
[Round "8"]
[White "Sharpchess22"]
[Black "amintabatabaei"]
[Result "0-1"]
[WhiteElo "2814"]
[BlackElo "2922"]
[TimeControl "180+1"]
[EndTime "11:29:02 PST"]
[Termination "amintabatabaei won by resignation"]

1. e4 e5 2. Nf3 Nc6 3. Bb5 Nf6 4. d3 Bc5 5. c3 O-O 6. O-O d5 7. Nbd2 dxe4 8. dxe4 a5 9. a4 Qe7 10. Qe2 Rd8 11. Nc4 Bd6 12. Bg5 h6 13. Bh4 Nb8 14. Ne3 c6 15. Bd3 Bc5 16. Bg3 Ng4 17. Nc4 Nd7 18. h3 Ngf6 19. Nfxe5 Nxe5 20. Nxe5 Bd6 21. f4 Bxe5 22. fxe5 Nh5 23. Bh2 g6 24. Qe3 Be6 25. Be2 Qg5 26. Qxg5 hxg5 27. Bxh5 gxh5 28. Rf2 Rd3 29.
Re2 Rad8 30. Kf2 h4 31. Ke1 Kg7 32. Bg1 Bc4 33. Bb6 R8d7 34. Rc2 Bb3 35. Re2 Bc4 36.
Rc2 Kg6 37. Bxa5 Re7 38. Re2 Rg3 39. Rf2 Rxe5 40. Bb6 Rxe4+ 41. Kd2 Rd3+ 42. Kc2 Rd5 43. b3 Bd3+ 44. Kb2 Rde5 45. Rd1 Re2+ 46. Rd2 Rxd2+ 47. Rxd2 Re2 48. Rxe2 Bxe2 49. Bf2 Bf1 50. g3 hxg3 51. Bxg3 Bxh3 52. Kc2 f5 53. Kd2 f4 54. Bh2 Kf5 55.
b4 g4 56. c4 g3 57. Bg1 Bf1 58. c5 Ke4 59. b5 cxb5 60. axb5 Bxb5 61. Ke1 f3 0-1

[Event "*** Titled Tuesday Blitz"]
[Site "Chess.com"]
[Date "2020.12.29"]
[Round "8"]
[White "lavr92"]
[Black "Piotrek1979"]
[Result "0-1"]
[WhiteElo "2606"]
[BlackElo "2431"]
[TimeControl "180+1"]
[EndTime "11:29:02 PST"]
[Termination "Piotrek1979 won on time"]

1. d4 Nf6 2. c4 g6 3. Nc3 Bg7 4. e4 d6 5. Nf3 O-O 6. Be2 c5 7. O-O cxd4 8. Nxd4 Nc6 9. Be3 Bd7 10. f3 Nxd4 11.
Bxd4 a5 12. Kh1 Bc6 13. Qd2 Nd7 14. Bxg7 Kxg7 15. f4 Qb6 16. Rad1 a4 17. Bg4 Nf6 18. Bf3 Qc5 19. Qe2 e5 20. f5 Rae8 21. g4 h6 22. h4 g5 23. Kg2 gxh4 24. Rh1 Nh7 25. Rxh4 Ng5 26. Qd2 f6 27. Qxd6 Qe3 28. Qd3 Qf4 29. Ne2 Qxe4 30. Bxe4 Bxe4+ 31. Qxe4 Nxe4 32. Rd7+ Rf7 33. Rxf7+ Kxf7 34. Rxh6 Kg7 35. Rh1 Rd8 36. Kf3 Nd2+ 37.
Kf2 Nxc4 38. b3 axb3 39. axb3 Nd2 40. Ke3 Nxb3 41. Rb1 Nc5 42. Rb5 Rd3+ 43. Kf2 Rd5 44. Kg2 Rd2 45. Kf1 Rc2 46. Ke1 Kh6 47. Kd1 Rc4 48.
Kd2 Kg5 49. Ng3 Kxg4 50. Nf1 Kf4 51. Ne3 Ne4+ 52. Ke2 Nc3+ 53. Kd3 Nxb5 54. Nxc4 Nc7 55. Nd6 b6 56. Kc4 e4 57. Kd4 e3 58. Kd3 Kf3 59.
Ne4 Nd5 60. Nxf6 Nxf6 0-1

[Event "*** Titled Tuesday Blitz"]
[Site "Chess.com"]
[Date "2020.12.29"]
[Round "8"]
[White "Legendinunknown"]
[Black "1random"]
[Result "1-0"]
[WhiteElo "2563"]
[BlackElo "2433"]
[TimeControl "180+1"]
[EndTime "11:29:02 PST"]
[Termination "Legendinunknown won by checkmate"]

1. d4 d5 2. c4 c5 3. dxc5 Nf6 4. cxd5 e6 5. Nc3 exd5 6. Bg5 Bxc5 7. e3 h6 8. Bxf6 Qxf6 9. Qxd5 Bb4 10. Bb5+ Nd7 11. Qe4+ Qe7 12. Qxe7+ Kxe7 13. Ne2 a6 14. Bc4 Ne5 15. Bb3 Nd3+ 16. Kf1 Be6 17. Nd5+ Bxd5 18. Bxd5 Rac8 19. g3 Nxb2 20. Kg2 Rc7 21. a3 Bd6 22. Rhb1 Na4 23. Bxb7 Rb8 24. Bxa6 Rxb1 25. Rxb1 Ra7 26. Bb5 Nc5 27. a4 Ra5 28. Nc3 Be5 29. Nd5+ Kf8 30.
Rc1 Bd6 31. e4 f6 32. f3 Kf7 33. Rc4 h5 34. Ne3 g6 35. f4 h4 36. e5 fxe5 37.
fxe5 Be7 38. Nd5 Bf8 39. Rf4+ Kg7 40. Nc7 hxg3 41. Ne8+ Kh6 42. Rxf8 gxh2 43. Kxh2 Nxa4 44. Bxa4 Rxa4 45. Nd6 Ra5 46. Kg3 Ra2 47. Rh8+ Kg7 48. Rh1 Re2 49. Kf4 g5+ 50. Kf5 g4 51. Rg1 Kf8 52. Rxg4 Ke7 53. Rg7+ Kf8 54. Rf7+ Kg8 55. Rd7 Kf8 56. Ke6 Ra2 57. Nf5 Ke8 58. Rd6 Ra5 59. Kf6 Rb5 60. Ng7+ Kf8 61. Rd8# 1-0